 Dungeon Crawl Stone Soup version 0.32-a0-814-g0968bab981 (webtiles) character file.

Game seed: 14952107192495002558

79527 hikkokomori the Fetichist (level 15, -4/118 HPs)
             Began as a Coglin Alchemist on Mar 22, 2024.
             Was an Initiate of Gozag.
             Killed from afar by a will-o-the-wisp (28 damage)
             ... with a foxfire
             ... on level 2 of the Swamp.
             The game lasted 01:06:58 (21957 turns).

hikkokomori the Fetichist (Coglin Alchemist)       Turns: 21957, Time: 01:06:58

Health: -4/118     AC: 20    Str: 10    XL:     15   Next: 63%
Magic:  22/27      EV: 11    Int: 17    God:    Gozag
Gold:   868        SH:  0    Dex: 18    Spells: 22/30 levels left

rFire   . . .        y - +8 hand cannon (freeze) {Shunnar}
rCold   . . .        N - +2 sling (flame) {Fernanda}
rNeg    . . .        G - +1 ring mail {Will+}
rPois   +            m - +2 helmet
rElec   .            E - +2 cloak
rCorr   +            V - +2 pair of gloves
SInv    .            q - +2 pair of boots
Will    ++...        (amulet unavailable)
Stlth   ++           (ring unavailable)
HPRegen 1.19/turn    (ring unavailable)
MPRegen 0.60/turn    e - automatic assembler {rPois Regen+ RegenMP+ rCorr Slay+3}

%: no passive effects
@: gold aura, revving
A: off-hand wielding, slow wielding, warmup strikes, no jewellery
a: Renounce Religion, Potion Petition, Call Merchant, Bribe Branch


You were on level 2 of the Swamp.
You worshipped Gozag.
Gozag was pleased with you.
You visited 5 branches of the dungeon, and saw 21 of its levels.
You also visited: Bailey and Volcano.

You collected 7144 gold pieces.
You spent 3513 gold pieces at shops.
You paid 2763 gold pieces to Gozag.

Inventory:

Hand Weapons
 y - a +8 hand cannon of freezing (weapon) {Shunnar}
 N - a +2 sling of flaming (offhand) {Fernanda}
Missiles
 c - 4 atropa-tipped darts
 g - 2 datura-tipped darts
 D - 14 boomerangs
 M - 4 throwing nets
Armour
 f - a +2 robe of resistance
 m - a +2 helmet (worn)
 q - a +2 pair of boots (worn)
 E - a +2 cloak (worn)
 G - a +1 ring mail of willpower (worn)
 S - a +2 pair of boots of rampaging
 V - a +2 pair of gloves (worn)
Gizmo
 e - an automatic assembler (installed) {rPois Regen+ RegenMP+ rCorr Slay+3}
   (You invented it yourself on level 1 of the Orcish Mines)

   [automatic assembler]

   Slay+3:    It affects your accuracy & damage with ranged weapons and melee
   (+3).
   rPois:     It protects you from poison.
   Regen+:    It increases your rate of health regeneration.
   rCorr:     It protects you from acid and corrosion.
   RegenMP+:  It increases your rate of magic regeneration.
Wands
 n - a wand of polymorph (9)
 s - a wand of flame (10)
 A - a wand of digging (6)
 B - a wand of roots (7)
 H - a wand of light (5)
 L - a wand of charming (10)
Scrolls
 a - a scroll of fog
 l - a scroll of poison
 r - 3 scrolls of enchant armour
 u - 2 scrolls of fear
 v - 4 scrolls of amnesia
 F - a scroll of teleportation
 J - 4 scrolls of brand weapon
 K - 3 scrolls of blinking
Potions
 b - 2 potions of magic
 d - a potion of lignification
 h - 5 potions of haste
 i - a potion of brilliance
 j - 6 potions of mutation
 k - a potion of ambrosia
 o - 4 potions of heal wounds
 p - 2 potions of attraction
 t - 8 potions of curing
 w - a potion of cancellation
 x - 4 potions of might
 z - 2 potions of resistance
 I - 11 potions of degeneration
 Q - 3 potions of enlightenment
 U - 2 potions of invisibility
Miscellaneous
 O - a phantom mirror
 R - a box of beasts


   Skills:
 - Level 11.0 Fighting
 - Level 13.3 Ranged Weapons
 - Level 6.0 Armour
 - Level 5.0 Dodging
 - Level 2.0 Stealth
 - Level 8.2 Spellcasting
 - Level 6.0 Conjurations
 - Level 4.0 Air Magic
 - Level 10.0 Alchemy
 + Level 15.6 Evocations


You had 22 spell levels left.
You knew the following spells:

 Your Spells              Type           Power      Damage    Failure   Level
a - Sting                 Conj/Alch      100%       1d9       1%          1
b - Mephitic Cloud        Conj/Alch/Air  29%        N/A       4%          3
c - Olgreb's Toxic Radia  Alch           41%        N/A       3%          4

Your spell library contained the following spells:

 Spells                   Type           Power      Damage    Failure   Level
 Mercury Vapours          Alch/Air       60%        N/A       1%          2
 Slow                     Hex            28%        N/A       24%         1
 Sticky Flame             Fire/Alch      24%        2d6       30%         4
 Iskenderun's Battlesphe  Conj           27%        2d8       50%         5
 Confusing Touch          Hex            7%         N/A       56%         3
 Summon Ice Beast         Ice/Summ       7%         N/A       56%         3
 Vampiric Draining        Necr           7%         2d6       56%         3
 Brom's Barrelling Bould  Conj/Erth      17%        2d4       56%         4
 Fireball                 Conj/Fire      8%         3d6       88%         5
 Conjure Ball Lightning   Conj/Air       12%        3x3d6     99%         6
 Summon Mana Viper        Hex/Summ       7%         N/A       100%        5
 Monstrous Menagerie      Summ           3%         N/A       100%        7
 Orb of Destruction       Conj           13%        9d7       100%        7


Dungeon Overview and Level Annotations

Branches:
Dungeon (11/15)            Temple (1/1) D:5            Lair (5/5) D:10
  Swamp (2/4) Lair:3        Snake (0/4) Lair:2        Slime (0/5) Lair:5
    Orc (2/2) D:9             Elf (0/3) Orc:2        Bailey (visited)
Volcano (visited)

Altars:
Ashenzari
Cheibriados
Dithmenos
Elyvilon
Fedhas
Gozag
Hepliaklqana
Kikubaaqudgha
Makhleb
Nemelex Xobeh
Okawaru
Qazlal
Ru
Sif Muna
Trog
Uskayaw
Vehumet
Wu Jian
Xom
Yredelemnul
Zin
The Shining One
Beogh
Jiyva

Shops:
D:1 !   D:4 =   D:10 **[   Orc:2 !*(*[!   Lair:3 ((

Portals:
Hell: Lair:5

Annotations:
D:3 2 transporters, jerryboi's ghost, amateur MDRe
Orc:1 3 runed translucent doors, Geivij's ghost, journeyman TeDe


Innate Abilities, Weirdness & Mutations

You can wield a second weapon in your off-hand.
It takes a long time for you to wield or remove held weapons.
Your first few attacks do less damage.
You cannot equip rings or amulets.


Message History

The spriggan rider is killed!
The hornet is killed!
The spriggan rider is engulfed in noxious fumes.
The spriggan rider appears confused.
The will-o-the-wisp gestures.
The will-o-the-wisp conjures some marshlight!
The alligator is engulfed in noxious fumes. 2 foxfires come into view.
Fire: y) +8 hand cannon (freeze) {Shunnar}
Press: ? - help, Shift-Dir - straight line, f/p - will-o-the-wisp
Aim: a will-o-the-wisp (noxious fumes, 78% to hit)
You shoot a sling bullet.
The sling bullet hits the will-o-the-wisp.
The sling bullet burns the will-o-the-wisp.
The will-o-the-wisp is lightly damaged.
You shoot a slug. The slug hits the will-o-the-wisp!
The slug freezes the will-o-the-wisp.
The will-o-the-wisp is heavily damaged.
You hear a splash.
You kill the spriggan!
The foxfire hits you but does no damage.
The foxfire hits you!!
The alligator is engulfed in noxious fumes.
The alligator appears confused.
The will-o-the-wisp gestures.
The will-o-the-wisp conjures some marshlight! 2 foxfires come into view.
Fire: y) +8 hand cannon (freeze) {Shunnar}
Press: ? - help, Shift-Dir - straight line, f/p - will-o-the-wisp
Aim: a will-o-the-wisp (heavily damaged, 78% to hit)
You shoot a sling bullet.
The sling bullet hits the will-o-the-wisp.
The will-o-the-wisp is heavily damaged.
You shoot a slug. The slug hits the will-o-the-wisp!
The slug freezes the will-o-the-wisp.
The will-o-the-wisp is almost destroyed.
The foxfire hits you!
* * * LOW HITPOINT WARNING * * *
The foxfire hits you!!
You die...
Your body crumbles into a pile of gold.

♣.§~.♣~~~.~~~~
♣♣....♣~♣~.~~.~
♣.~.~♣$.~§~..~~
♣.§.~<.....~~♣~
♣§~~.♣$~~~~~~~.
♣~~~.○☼~..~~.~.
♣.~.°○°~.~§§~
..!~~.~).♣♣♣...[.
.~..~~♣ ♣♣♣


You could see an alligator (confused, very poisoned), a will-o-the-wisp, a swamp
worm and a hornet (confused, very poisoned).

Vanquished Creatures
  An orc warlord (Orc:1)
  A red draconian (Volcano)
  4 bunyips (Swamp:1)
  7 hydras
  4 alligators (Swamp:1)
  A boulder beetle (Lair:5)
  A catoblepas (Lair:4)
  An ogre mage (Volcano)
  A hell beast (Lair:5)
  5 death yaks
  8 two-headed ogres
  5 orc high priests (Orc:2)
  Urug (D:10)
  Lodul (D:10)
  7 spriggans
  3 goliath frogs
  2 bog bodies
  An arcanist (Lair:5)
  Pikel (D:9)
  3 obsidian bats (Orc:1)
  8 orc sorcerers (Orc:2)
  3 oklob plants (Lair:5)
  Maurice (D:10)
  2 will-o-the-wisps
  3 black mambas
  2 kobold blastminers (Orc:2)
  11 elephants
  8 cane toads
  A torpor snail (Lair:5)
  6 rime drakes
  13 komodo dragons
  3 ice devils (Lair:5)
  Psyche (D:10)
  A polar bear (Lair:5)
  3 red devils (Lair:5)
  2 tyrant leeches
  A bloated husk (Swamp:2)
  3 trolls
  A hellwing (Lair:5)
  8 hornets
  A dream sheep (Lair:5)
  17 blink frogs
  2 shadows
  4 wyverns
  A wraith (D:9)
  23 yaks
  2 basilisks (Lair:5)
  8 wargs
  Grum (D:9)
  2 steam dragons
  Eustachio (D:4)
  2 nagas (Lair:2)
  Edmund (D:6)
  3 hell hounds (Lair:5)
  7 swamp worms (Swamp:1)
  15 water moccasins
  18 orc warriors
  A sky beast (D:7)
  2 black bears
  2 ice beasts
  A swamp drake (D:9)
  14 ogres
  21 wolves
  3 centaurs
  3 scorpions (D:5)
  12 gnoll sergeants
  14 bullfrogs
  4 wights (D:6)
  3 killer bees (D:10)
  9 electric eels
  A bombardier beetle (D:5)
  10 howler monkeys
  4 hounds
  4 gnoll boudas (Bailey)
  17 orc priests
  Terence (D:2)
  Jessica (D:3)
  3 iguanas
  2 sleepcaps
  Ijyb (D:4)
  26 orc wizards
  25 gnolls
  4 adders
  2 shadow imps
  A white imp (D:7)
  2 ufetubi (D:7)
  3 dart slugs
  A ribbon worm (D:3)
  92 orcs
  4 endoplasms
  3 giant cockroaches
  7 goblins
  5 hobgoblins
  6 jackals
  7 quokkas
  10 ball pythons
  7 bats
  A frilled lizard (D:1)
  3 kobolds
  4 rats
593 creatures vanquished.

Vanquished Creatures (collateral kills)
  An orc warlord (Orc:1)
  2 elephants (Lair:5)
  A cane toad (Lair:5)
  An orc (Orc:1)
5 creatures vanquished.

Vanquished Creatures (others)
  A blink frog (Lair:3)
  An orc wizard (D:9)
  19 foxfires
21 creatures vanquished.

Grand Total: 619 creatures vanquished

Notes
Turn   | Place    | Note
-------+----------+-------------------------------------------
     0 | D:1      | hikkokomori the Coglin Alchemist began the quest for the
                  | Orb.
     0 | D:1      | Reached XP level 1. HP: 13/13 MP: 3/3
    45 | D:1      | Found Nofyck's Distillery.
   169 | D:1      | Reached skill level 1 in Conjurations
   213 | D:1      | Reached XP level 2. HP: 19/20 MP: 0/4
  1019 | D:2      | Reached XP level 3. HP: 25/25 MP: 6/6
  1046 | D:2      | Found a faded altar of an unknown god.
  1057 | D:2      | Reached skill level 1 in Fighting
  1326 | D:2      | Reached XP level 4. HP: 32/32 MP: 7/7
  1343 | D:2      | Reached skill level 1 in Ranged Weapons
  1620 | D:2      | Learned a level 3 spell: Mephitic Cloud
  1864 | D:2      | Noticed Terence
  1873 | D:2      | Killed Terence
  1874 | D:2      | Reached XP level 5. HP: 25/38 MP: 2/8
  2033 | D:3      | Identified the +4 spear "Opte" {chaos, Fly rN+}
  2118 | D:3      | Found a transporter.
  2128 | D:3      | Found a transporter.
  2131 | D:3      | Noticed jerryboi's ghost (amateur MDRe)
  2468 | D:3      | Found a burning altar of Makhleb.
  2469 | D:3      | Found a hazy altar of Hepliaklqana.
  2800 | D:3      | Noticed Jessica
  2805 | D:3      | Killed Jessica
  3139 | D:4      | Noticed Eustachio
  3144 | D:4      | Learned a level 4 spell: Olgreb's Toxic Radiance
  3154 | D:4      | Killed Eustachio
  3155 | D:4      | Reached skill level 1 in Air Magic
  3155 | D:4      | Reached XP level 6. HP: 38/46 MP: 6/10
  3394 | D:4      | Found Xujaenusk's Jewellery Boutique.
  3594 | D:4      | Reached XP level 7. HP: 49/51 MP: 11/11
  3804 | D:4      | Noticed Ijyb
  3811 | D:4      | Killed Ijyb
  3874 | D:5      | Entered Level 5 of the Dungeon
  3875 | D:5      | Identified a scroll of acquirement
  3875 | D:5      | Acquired a +2 hand cannon of freezing
  4014 | D:5      | You fall into a shaft and drop 1 floor!
  4036 | D:6      | Reached skill level 5 in Alchemy
  4238 | D:6      | Reached skill level 1 in Evocations
  4284 | D:6      | Noticed Edmund
  4289 | D:6      | Killed Edmund
  4290 | D:6      | Reached skill level 2 in Evocations
  4290 | D:6      | Reached XP level 8. HP: 60/60 MP: 8/12
  4506 | D:6      | Noticed a yak
  4506 | D:6      | Noticed a yak
  4506 | D:6      | Noticed a yak
  4506 | D:6      | Noticed a yak
  4506 | D:6      | Noticed a yak
  4512 | D:6      | Killed a yak
  4512 | D:6      | Killed a yak
  4513 | D:6      | Reached skill level 3 in Evocations
  4513 | D:6      | Killed a yak
  4514 | D:6      | Reached skill level 4 in Evocations
  4514 | D:6      | Killed a yak
  4515 | D:6      | Reached skill level 5 in Fighting
  4515 | D:6      | Reached XP level 9. HP: 61/68 MP: 10/13
  4582 | D:6      | Reached skill level 5 in Evocations
  4763 | D:5      | Found a staircase to the Ecumenical Temple.
  4769 | Temple   | Entered the Ecumenical Temple
  5010 | Temple   | Became a worshipper of Gozag Ym Sagoz the Greedy
  5571 | D:5      | Reached skill level 5 in Ranged Weapons
  6167 | D:7      | Reached skill level 6 in Evocations
  6902 | D:7      | Reached skill level 7 in Evocations
  7093 | D:7      | Reached XP level 10. HP: 35/77 MP: 9/14
  7447 | D:8      | Reached skill level 8 in Evocations
  7853 | D:8      | Found a broken altar of Ashenzari.
  8386 | D:9      | Reached skill level 1 in Armour
  8476 | D:9      | Noticed a two-headed ogre
  8481 | D:9      | Killed a two-headed ogre
  8863 | D:9      | Found a staircase to the Orcish Mines.
  9004 | D:9      | Noticed Grum
  9011 | D:9      | Reached XP level 11. HP: 70/87 MP: 15/17
  9017 | D:9      | HP: 4/87 [Grum/+1 halberd of flaming (6)]
  9064 | D:9      | Killed Grum
  9619 | D:9      | Noticed Pikel
  9625 | D:9      | Killed Pikel
  9816 | D:10     | Entered Level 10 of the Dungeon
  9816 | D:10     | Noticed Urug
  9826 | D:10     | Noticed Lodul
  9835 | D:10     | Killed Urug
  9837 | D:10     | Killed Lodul
  9837 | D:10     | Noticed Psyche
  9838 | D:10     | Reached skill level 5 in Spellcasting
  9843 | D:10     | Killed Psyche
 10002 | D:10     | Found Zin's Purification Station.
 10005 | D:10     | Found a glowing silver altar of Zin.
 10081 | D:10     | Found a flagged portal.
 10180 | D:10     | Found Piatacaoro's Armour Emporium.
 10189 | D:10     | Bought a +0 cloak for 54 gold pieces
 10240 | Bailey   | Entered a bailey
 10499 | Bailey   | Reached skill level 5 in Armour
 10931 | D:10     | Found a staircase to the Lair.
 11022 | D:10     | Found Ecip's General Store.
 11030 | D:10     | Bought a scroll of enchant weapon for 90 gold pieces
 11030 | D:10     | Bought a potion of enlightenment for 60 gold pieces
 11030 | D:10     | Bought a box of beasts for 480 gold pieces
 11030 | D:10     | Bought a potion of might for 48 gold pieces
 11031 | D:10     | Bought a scroll of identify for 24 gold pieces
 11093 | D:10     | Noticed Maurice
 11105 | D:10     | Killed Maurice
 11670 | D:1      | Bought a potion of curing for 33 gold pieces
 11670 | D:1      | Bought a potion of haste for 110 gold pieces
 11670 | D:1      | Bought a potion of heal wounds for 55 gold pieces
 11670 | D:1      | Bought a potion of attraction for 33 gold pieces
 11670 | D:1      | Bought a potion of haste for 110 gold pieces
 11670 | D:1      | Bought a potion of ambrosia for 88 gold pieces
 11947 | Orc:1    | Entered Level 1 of the Orcish Mines
 11974 | Orc:1    | Noticed an obsidian bat
 11982 | Orc:1    | Killed an obsidian bat
 12047 | Orc:1    | Noticed an obsidian bat
 12108 | Orc:1    | Found a roughly hewn altar of Beogh.
 12155 | Orc:1    | Noticed an orc warlord
 12165 | Orc:1    | Reached XP level 12. HP: 63/95 MP: 5/21
 12168 | Orc:1    | Noticed a two-headed ogre
 12178 | Orc:1    | Killed a two-headed ogre
 12178 | Orc:1    | Killed an orc warlord
 12342 | Orc:1    | Noticed an orc warlord
 12369 | Orc:1    | Killed an orc warlord
 12502 | Orc:1    | Found a runed translucent gate.
 12505 | Orc:1    | Noticed a merfolk javelineer
 12509 | Orc:1    | Found a runed translucent gate.
 12816 | Orc:1    | Found a runed translucent gate.
 12816 | Orc:1    | Identified the +0 robe "Archen" {Harm ^Drain +Inv rN+}
 12816 | Orc:1    | Noticed a merfolk impaler
 12863 | Orc:1    | Noticed Geivij's ghost (journeyman TeDe)
 12922 | Orc:1    | Found an iron altar of Okawaru.
 13033 | Lair:1   | Entered Level 1 of the Lair of Beasts
 13892 | Lair:1   | Reached skill level 5 in Dodging
 14624 | Lair:2   | Noticed a seven-headed hydra
 14627 | Lair:2   | Reached XP level 13. HP: 101/101 MP: 25/25
 15209 | Lair:2   | Found a staircase to the Snake Pit.
 15640 | Lair:3   | Reached skill level 9 in Evocations
 15800 | Lair:3   | Found a dark tunnel.
 15823 | Volcano  | Entered a volcano
 15836 | Volcano  | Reached skill level 10 in Ranged Weapons
 15857 | Volcano  | Reached skill level 10 in Alchemy
 15862 | Volcano  | Reached skill level 10 in Evocations
 15977 | Volcano  | Found a bloodstained altar of Trog.
 15979 | Volcano  | Noticed a red draconian
 16007 | Volcano  | Killed a red draconian
 16130 | Lair:3   | Bought a glowing sling for 139 gold pieces
 16523 | Lair:3   | Reached skill level 11 in Evocations
 16721 | Lair:3   | Found a staircase to the Swamp.
 17230 | Orc:2    | Entered Level 2 of the Orcish Mines
 17230 | Orc:2    | Found Cerofetho's Weapon Shop.
 17239 | Orc:2    | Reached XP level 14. HP: 95/108 MP: 15/26
 17245 | Orc:1    | Acquired an automatic assembler {rPois Regen+ RegenMP+
                  | rCorr Slay+3}
 17738 | Lair:4   | Reached skill level 12 in Evocations
 18538 | Lair:5   | Entered Level 5 of the Lair of Beasts
 18542 | Lair:5   | Found a staircase to the Slime Pits.
 18558 | Lair:5   | Found a viscous altar of Jiyva.
 18815 | Lair:5   | Found a burning altar of Makhleb.
 18930 | Lair:5   | Found a gateway to Hell.
 19522 | Lair:5   | Identified the +0 chain mail of Ashenzari's Fury {Rampage
                  | Str+5 Stlth-}
 19925 | Orc:2    | Reached skill level 5 in Conjurations
 19952 | Orc:2    | Reached skill level 13 in Evocations
 19952 | Orc:2    | Reached XP level 15. HP: 39/115 MP: 6/27
 20038 | Orc:2    | Reached skill level 10 in Fighting
 20311 | Orc:2    | Found a staircase to the Elven Halls.
 20556 | Orc:2    | Found a roughly hewn altar of Beogh.
 20690 | Orc:2    | Found Ceocuobb's Distillery.
 20692 | Orc:2    | Found Pipiqu Ykke's Antique Armour Shoppe.
 20823 | Orc:2    | Found Guqeq's Assorted Antiques.
 20828 | Orc:2    | Bought a scroll of enchant weapon for 240 gold pieces
 20828 | Orc:2    | Bought a wand of roots (6) for 460 gold pieces
 20832 | Orc:2    | Found Elecy's Distillery.
 20838 | Orc:2    | Bought a potion of resistance for 140 gold pieces
 20838 | Orc:2    | Bought 2 potions of haste for 280 gold pieces
 20838 | Orc:2    | Bought a potion of curing for 42 gold pieces
 20838 | Orc:2    | Bought a potion of invisibility for 112 gold pieces
 20838 | Orc:2    | Bought a potion of heal wounds for 70 gold pieces
 20838 | Orc:2    | Bought a potion of might for 56 gold pieces
 20931 | Orc:2    | Bought a potion of mutation for 112 gold pieces
 20931 | Orc:2    | Bought a potion of heal wounds for 70 gold pieces
 20931 | Orc:2    | Bought a potion of enlightenment for 70 gold pieces
 20931 | Orc:2    | Bought a potion of invisibility for 112 gold pieces
 20931 | Orc:2    | Bought 2 potions of curing for 84 gold pieces
 20941 | Orc:2    | Bought a pair of glowing gloves for 202 gold pieces
 20961 | Orc:2    | Bought a scroll of enchant weapon for 75 gold pieces
 20991 | Orc:2    | Bought a scroll of identify for 64 gold pieces
 21155 | Swamp:1  | Entered Level 1 of the Swamp
 21339 | Swamp:1  | Reached skill level 14 in Evocations
 21735 | Swamp:1  | Reached skill level 15 in Evocations
 21957 | Swamp:2  | Killed from afar by a will-o-the-wisp

Illustrated notes

Levels and vault maps discovered:
D:1:      psy_arrival_spokes, layout_basic, serial_shops, shop,
          minmay_octomino_c4
D:2:      layout_loops_corners, shapermc_ecumenical_altar_totnotflames,
          minmay_misc_feat_five, uniq_terence
D:3:      layout_loops_corners, jmf_multi_god_temple,
          gammafunk_ghost_gnarly_gnolls, chequers_serial_rivers_large_a,
          kennysheep_boxes, uniq_jessica
D:4:      layout_gridville, serial_shops, shop, uniq_ijyb, uniq_eustachio
D:5:      layout_loops_ring, minmay_temple_entry_glassed_door
D:6:      layout_gridville, serial_rivers, chequers_serial_rivers_large_b,
          chequers_serial_rivers_small_3, chequers_serial_rivers_micro_c,
          chequers_serial_rivers_small_3, st_stairs_2, minmay_small_thing,
          uniq_edmund
D:7:      layout_cave_pods
D:8:      layout_basic, ashenzari_conservatory_becter, minivault_4
D:9:      layout_stronghold, erik_orc_1, uniq_grum, uniq_pikel
D:10:     layout_small_grid, zin_purify, david_lair_shrubbed, enter_bailey_2,
          serial_shops, nicolae_shop_advertising_works
          [nicolae_subvault_shop_adworks], nicolae_diamond_shop, uniq_psyche,
          uniq_urug, uniq_maurice, uniq_lodul
D:11:     layout_layer_cave
Temple:   mainiacjoe_temple_coin_purse
Lair:1:   layout_cave_pods
Lair:2:   layout_regular_city, guppyfry_snake_entry_island, grunt_megastairs_4,
          lemuel_fruit_fields, infiniplex_staircase_pool
Lair:3:   layout_roguey, minmay_swamp_entry_wisps, nicolae_volcano_entry_hallway
Lair:4:   layout_loops_ring
Lair:5:   evil_forest, layout_regular_city, minmay_slime_entry_oklob_open,
          serial_bayou, serial_bayou_pond_d, serial_bayou_lagoon_b,
          serial_bayou_shore_b, serial_bayou_lagoon_a
Swamp:1:  layout_basic_swamp, evilmike_swamp_ruin_house_3
Swamp:2:  layout_falls_marsh, portal_ice_cave_entry_ice_statue_one,
          evilmike_swamp_ruin_rubble_1
Orc:1:    layout_caves, gammafunk_ghost_fury_of_okawaru, basic_altar
Orc:2:    st_orc_town, layout_caves, serial_shops, shop_coins,
          nicolae_orc_bridge_out

Skill      XL: |  1  2  3  4  5  6  7  8  9 10 11 12 13 14 15 |
---------------+----------------------------------------------+-----
Conjurations   | 1 2 3 4 5 6 |  6.0
Spellcasting   | 2 3 4 6 8 |  8.2
Fighting       | 1 2 3 5 6 8 9 11 | 11.0
Stealth        | 2 |  2.0
Ranged Weapons | 1 2 3 4 6 7 8 9 11 13 | 13.3
Alchemy        | 4 5 7 9 10 | 10.0
Air Magic      | 1 2 3 4 |  4.0
Evocations     | 2 4 7 8 11 13 15 | 15.6
Armour         | 2 5 6 |  6.0
Dodging        | 2 5 |  5.0

Action                     |  1- 3 |  4- 6 |  7- 9 | 10-12 | 13-15 || total
---------------------------+-------+-------+-------+-------+-------++-------
  Melee: Unarmed           |    19 |       |       |       |       ||    19
         Dagger            |     5 |       |       |       |       ||     5
         Sling             |       |       |       |     3 |     1 ||     4
         Hand cannon       |       |       |       |     3 |     1 ||     4
   Fire: Longbow           |    38 |   144 |    11 |       |       ||   193
         Sling             |       |       |   137 |   419 |   658 ||  1214
         Hand cannon       |       |       |   137 |   419 |   658 ||  1214
   Cast: Sting             |    30 |     1 |       |       |       ||    31
         Mephitic Cloud    |       |     3 |     2 |    17 |    32 ||    54
         Olgreb's Toxic Ra |       |       |     2 |    36 |    26 ||    64
 Invoke: Call Merchant     |       |       |       |       |     3 ||     3
Ability: Invent Gizmo      |       |       |       |       |     1 ||     1
  Evoke: Wand              |       |       |     5 |     6 |    10 ||    21
         Phantom mirror    |       |       |       |     1 |       ||     1
    Use: Scroll            |     1 |     3 |     8 |     9 |    10 ||    31
         Potion            |       |       |     3 |     4 |     2 ||     9
 Armour: Robe              |    30 |    76 |    67 |    13 |       ||   186
         Skin              |       |       |     4 |    19 |       ||    23
         Ring mail         |       |       |       |   146 |   320 ||   466
  Dodge: Dodged            |    38 |    63 |    39 |    84 |   170 ||   394

Table legend: (Time is in decaauts)
 A = Elapsed time spent in this place.
 B = Non-inter-level travel time spent in this place.
 C = Inter-level travel time spent in this place.
 D = Time resting spent in this place.
 E = Time spent auto-exploring this place.
 F = Levels seen in this place.
 G = Mean time per level.
                   A        B        C        D        E       F      G
               +--------+--------+--------+--------+--------+-----+--------+
         Total |  22600 |  20701 |   1899 |   1193 |  15266 |  23 |  982.6 |
       Dungeon |  11770 |  10384 |   1386 |    362 |   8136 |  11 | 1070.0 |
        Temple |    250 |    241 |      9 |    200 |      0 |   1 |  250.0 |
          Lair |   6245 |   5890 |    355 |     88 |   4764 |   5 | 1249.0 |
         Swamp |    877 |    855 |     22 |     80 |    441 |   2 |  438.5 |
  Orcish Mines |   2470 |   2344 |    126 |    317 |   1509 |   2 | 1235.0 |
        Bailey |    697 |    697 |      0 |    134 |    302 |   1 |  697.0 |
       Volcano |    287 |    287 |      0 |     12 |    113 |   1 |  287.0 |
               +--------+--------+--------+--------+--------+-----+--------+

Top non-repeatable levels by time:
     D:9: 1910 daAuts
   Orc:1: 1482 daAuts
  Lair:2: 1440 daAuts
     D:7: 1367 daAuts
  Lair:3: 1363 daAuts
  Lair:1: 1318 daAuts
     D:2: 1296 daAuts
     D:3: 1245 daAuts
  Lair:5: 1233 daAuts
    D:10: 1184 daAuts
     D:6: 1110 daAuts
     D:8: 1042 daAuts
   Orc:2: 987 daAuts
     D:1: 923 daAuts
     D:4: 895 daAuts
